 Dungeon Crawl Stone Soup version 0.24-a0-375-g4de66ed42b (webtiles) character file.

Game seed: 5132025867286922721

1122 ohad the Insei (level 8, -2/62 HPs)
             Began as an Octopode Transmuter on May 31, 2019.
             Was an Initiate of Gozag.
             Killed by divine providence
             ... invoked by an orc priest
              (15 damage)
             ... on level 5 of the Dungeon.
             The game lasted 00:13:52 (6490 turns).

ohad the Insei (Octopode Transmuter)                Turns: 6490, Time: 00:13:53

Health: -2/62      AC:  6    Str:  9    XL:     8   Next: 35%
Magic:  5/12       EV: 14    Int: 18    God:    Gozag
Gold:   440        SH:  0    Dex: 12    Spells: 3/13 levels left

rFire    x . .     SeeInvis .     - Unarmed
rCold    + + +     Gourm    .   (shield currently unavailable)
rNeg     + . .     Faith    .   (helmet currently unavailable)
rPois    +         Spirit   .   f - amulet of the acrobat
rElec    .         Reflect  .   m - +3 ring of evasion
rCorr    .         Harm     .   q - ring of positive energy
MR       .....                  (no ring)
Stlth    +.........             (no ring)
HPRegen  0.20/turn              (no ring)
MPRegen  0.13/turn              (no ring)
                                (no ring)
                                (no ring)

@: ice-form, very slightly contaminated
A: large, almost no armour, stealthy swim, amphibious, 8 rings, (constrict 8)
a: End Transformation, Potion Petition, Call Merchant, Bribe Branch, Renounce
Religion


You were on level 5 of the Dungeon.
You worshipped Gozag.
Gozag was aware of your devotion.
You were not hungry.
You were a creature of crystalline ice.
You visited 2 branches of the dungeon, and saw 8 of its levels.

You collected 510 gold pieces.
You paid 70 gold pieces to Gozag.

Inventory:

Hand Weapons
 e - a +2 hand axe of freezing
 x - the +3 dagger of Agony {drain, +Fly rN+ Dex-5}
   (You found it on level 5 of the Dungeon)

   A truly terrible weapon, it drains the life of those it strikes.
   It affects your dexterity (-5).
   It protects you from negative energy.
   It lets you fly.
Missiles
 a - 38 arrows
 h - 26 poisoned darts (quivered)
 y - 2 boomerangs of dispersal
Armour
 i - a +0 buckler
 r - a +2 hat (melded)
Jewellery
 f - an amulet of the acrobat (around neck)
 m - a +3 ring of evasion (left front paw)
 q - a ring of positive energy (right front paw)
 A - an uncursed ring of fire {unknown}
Wands
 v - a wand of polymorph (11)
 w - a wand of disintegration (17)
Scrolls
 d - 4 scrolls of identify {unknown}
 g - 2 scrolls of teleportation
 p - a scroll of fog {unknown}
 s - a scroll of fear {unknown}
 u - a scroll of immolation {unknown}
 z - 2 scrolls of amnesia {unknown}
 B - a scroll of remove curse
Potions
 b - 3 potions of magic {unknown}
 j - a potion of flight {unknown}
 k - a potion of degeneration {unknown}
 l - 4 potions of curing {unknown}
 n - 4 potions of lignification {unknown}
 o - a potion of berserk rage {unknown}
 t - a potion of might {unknown}
Comestibles
 c - 8 rations


   Skills:
 * Level 3.3 Fighting
 + Level 3.4 Dodging
 + Level 5.6 Unarmed Combat
 - Level 3.2 Spellcasting
 - Level 4.9 Transmutations
 - Level 4.1 Ice Magic


You had 3 spell levels left.
You knew the following spells:

 Your Spells              Type           Power        Failure   Level  Hunger
a - Beastly Appendage     Tmut           ###...       1%          1    None
b - Sticks to Snakes      Tmut           ###.....     3%          2    ##.....
c - Spider Form           Tmut/Pois      ##........   17%         3    ###....
d - Ice Form              Ice/Tmut       ###.....     24%         4    ####...

Your spell library contained the following spells:

 Spells                   Type           Power        Failure   Level  Hunger
 Blade Hands              Tmut           ###.......   50%         5    ######.


Dungeon Overview and Level Annotations

Branches:
Dungeon (7/15)             Temple (1/1) D:4

Altars:
Cheibriados
Dithmenos
Fedhas
Gozag
Kikubaaqudgha
Okawaru
Trog
Uskayaw
Vehumet


Innate Abilities, Weirdness & Mutations

You cannot wear most types of armour.
You are very stealthy in the water. (Stealth+)
You are amphibious.
You can wear up to eight rings at the same time.
((You can use your tentacles to constrict eight enemies at once.))
((Your skin changes colour to match your surroundings (Stealth+).))
((Your rubbery body absorbs attacks. (AC +1, EV +1)))


Message History

You kill the orc priest!
You punch the orc! You freeze the orc.
You kill the orc!
The orc priest closely misses you.
Items here: $ )) [ 12 gold pieces; a +0 mace; a +0 hand axe; a +0 leather armour You barely miss the orc priest.
The orc priest hits you but does no damage.
You hit the orc priest. You freeze the orc priest.
The orc priest is moderately wounded.
Unknown command.
You hit the orc priest. You freeze the orc priest.
The orc priest is almost dead.
The orc priest barely misses you.
You barely miss the orc priest.
The orc priest is almost dead.
The orc priest calls down the wrath of Beogh upon you.
Beogh smites you!
You die...
Your body crumbles into a pile of gold.

####'#.##...............##.......
.........###................[..##
.........# #.............#.######
.........# #.............#.#.....
####'###.# ########......#.#.#...
#.# #.# #.........#.#.#... #.#
#.# #$##..###.#.#.#... #.# #.#
#$#.......#.#.#### #.# #.#
#Y#.......#.......
####.###+#######o###..##.#.#.....
.....##.......##.#.....#.#.#####.
.....##.......+..#...#.#.#.#...#.
.....''.......########...#.#.#.#.
.....##.......#..........#.#.#.#.
.....##.......#..........#.#.#.#.
.....##.......########.#.#.#.#.#.
#######.....(.# #.#.#.#<#.#.


You could see an orc priest.

Vanquished Creatures
  An ogre (D:4)
  A centaur (D:3)
  A crocodile (D:7)
  A bullfrog (D:5)
  A scorpion (D:7)
  2 crimson imps (D:5)
  2 bullfrog skeletons
  6 orc priests
  A hound (D:5)
  3 orc wizards (D:4)
  An iguana (D:4)
  4 worker ants
  A hound zombie (D:7)
  A hound skeleton (D:5)
  3 gnolls (D:7)
  4 adders
  An adder zombie (D:5)
  An adder skeleton (D:4)
  4 worms
  5 dart slugs
  6 leopard geckos
  18 orcs
  2 ball pythons
  6 bats
  8 giant cockroaches
  4 goblins (D:1)
  6 hobgoblins
  7 kobolds
  4 quokkas
  7 frilled lizards
  A giant cockroach zombie (D:5)
  28 rats
141 creatures vanquished.

Vanquished Creatures (collateral kills)
  A goblin (D:2)
1 creature vanquished.

Vanquished Creatures (others)
  A human (D:4)
1 creature vanquished.

Grand Total: 143 creatures vanquished

Notes
Turn   | Place    | Note
-------+----------+-------------------------------------------
     0 | D:1      | ohad the Octopode Transmuter began the quest for the Orb.
     0 | D:1      | Reached XP level 1. HP: 13/13 MP: 3/3
    49 | D:1      | Reached XP level 2. HP: 5/18 MP: 5/5
   497 | D:1      | Learned a level 2 spell: Sticks to Snakes
   716 | D:1      | Reached XP level 3. HP: 23/23 MP: 4/6
   760 | D:1      | Learned a level 3 spell: Spider Form
  1300 | D:2      | Reached XP level 4. HP: 24/28 MP: 3/7
  1958 | D:2      | Found a snail-covered altar of Cheibriados.
  2544 | D:3      | Noticed a centaur
  2559 | D:3      | Killed a centaur
  2559 | D:3      | Reached XP level 5. HP: 24/33 MP: 6/9
  2832 | D:3      | Learned a level 4 spell: Ice Form
  2851 | D:4      | Reached skill level 1 in Ice Magic
  2857 | D:4      | Found an ancient bone altar of Kikubaaqudgha.
  3112 | D:4      | Reached XP level 6. HP: 27/38 MP: 4/10
  3606 | D:4      | Noticed a human
  3607 | D:4      | Killed a human
  3630 | D:4      | Found a shadowy altar of Dithmenos.
  3661 | D:4      | Reached XP level 7. HP: 19/43 MP: 7/11
  3849 | D:4      | Found a staircase to the Ecumenical Temple.
  3861 | Temple   | Entered the Ecumenical Temple
  3870 | Temple   | Became a worshipper of Gozag Ym Sagoz the Greedy
  5205 | D:5      | Entered Level 5 of the Dungeon
  5215 | D:5      | Reached skill level 4 in Unarmed Combat
  5504 | D:5      | Got a blackened dagger
  5505 | D:5      | Identified the cursed +3 dagger of Agony {drain, +Fly rN+
                  | Dex-5} (You found it on level 5 of the Dungeon)
  5700 | D:5      | Reached XP level 8. HP: 42/51 MP: 10/12
  5782 | D:5      | You fall into a shaft and drop 2 floors!
  5805 | D:7      | Reached skill level 5 in Unarmed Combat
  5855 | D:7      | Noticed a hippogriff
  6490 | D:5      | Killed from afar by an orc priest

Levels and vault maps discovered:
D:1:      scummos_arrival_checkerplants, layout_rooms, roderic_roman_lattice,
          minmay_vboxes
D:2:      layout_loops_corners, kennysheep_slug_shrine, minmay_rat_hole
D:3:      layout_loops_ring, first_ration
D:4:      layout_layer_cave, old_standard_altar,
          minmay_temple_entry_glassed_door, tgw_kikubaaqudgha
D:5:      layout_basic, hangedman_abyss_or_decor_passed
D:6:      layout_loops_cross, uniq_eustachio
D:7:      layout_basic
Temple:   regret_index_temple_mists

Skill      XL: |  1  2  3  4  5  6  7  8 |
---------------+-------------------------+-----
Transmutations | 3 4 |  4.9
Spellcasting   | 3 |  3.2
Ice Magic      | 2 4 |  4.1
Fighting       | 2 3 |  3.3
Unarmed Combat | 4 5 |  5.6
Dodging        | 3 |  3.4

Action                   |  1- 3 |  4- 6 |  7- 9 || total
-------------------------+-------+-------+-------++-------
Melee: Unarmed           |    76 |   157 |   172 ||   405
       Constrict         |    21 |    24 |    10 ||    55
       Tentacles         |     8 |    15 |     5 ||    28
       Punch             |     2 |       |     1 ||     3
       Kick              |     8 |     7 |     4 ||    19
 Cast: Beastly Appendage |    12 |     4 |     4 ||    20
       Spider Form       |     2 |     8 |    12 ||    22
       Sticks to Snakes  |     1 |       |       ||     1
       Ice Form          |       |       |     3 ||     3
  Use: Scroll            |       |     2 |     1 ||     3
 Stab: Sleeping          |     2 |     6 |     5 ||    13
  Eat: Chunk             |     2 |     8 |     1 ||    11
       Ration            |       |       |     3 ||     3
Armor: Skin              |     6 |     9 |    16 ||    31
Dodge: Dodged            |    46 |   112 |   129 ||   287

Table legend:
 A = Non-vault XP
 B = Vault XP
 C = Vault XP percentage of total XP
 D = Non-vault monster count
 E = Vault monster count
 F = Vault count percentage of total count
                 A         B        C        D         E       F
            +---------+---------+-------+---------+---------+-------
      Total |    1568 |      36 |   2.2 |     116 |      26 |  18.3
            +---------+---------+-------+---------+---------+-------
        D:1 |      45 |      12 |  21.1 |      25 |       6 |  19.4
        D:2 |      59 |      24 |  28.9 |      12 |      20 |  62.5
        D:3 |     135 |       0 |   0.0 |      16 |       0 |   0.0
        D:4 |     629 |       0 |   0.0 |      34 |       0 |   0.0
        D:5 |     422 |       0 |   0.0 |      21 |       0 |   0.0
        D:7 |     278 |       0 |   0.0 |       8 |       0 |   0.0
            +---------+---------+-------+---------+---------+-------
